 Dungeon Crawl Stone Soup version 0.28.0 (webtiles) character file.

Game seed: 554268308838587548

60 Dani the Chopper (level 4, -1/28 HPs)
             Began as a Gargoyle Fighter on Feb 20, 2022.
             Killed by divine providence
             ... invoked by an orc priest
              (12 damage)
             ... on level 3 of the Dungeon.
             The game lasted 00:02:10 (1032 turns).

Dani the Chopper (Gargoyle Fighter)                 Turns: 1032, Time: 00:02:10

Health: -1/28      AC: 10    Str: 22    XL:     4   Next: 6%
Magic:  4/4        EV:  9    Int:  8    God:
Gold:   58         SH:  4    Dex:  9    Spells: 3/3 levels left

rFire   . . .      SeeInvis .   a - +0 war axe
rCold   . . .      Faith    .   c - +0 buckler
rNeg    + . .      Spirit   .   b - +0 scale mail
rPois   ∞          Reflect  .   (no helmet)
rElec   +          Harm     .   (no cloak)
rCorr   .          Rampage  .   (no gloves)
Will    .....                   (no boots)
Stlth   ..........              (no amulet)
HPRegen 0.09/turn               (no ring)
MPRegen 0.09/turn               (no ring)

@: no status effects
A: sickness immunity, AC +3, negative energy resistance 1, electricity
resistance, torment resistance 1, petrification resistance
a: no special abilities


You were on level 3 of the Dungeon.
You visited 1 branch of the dungeon, and saw 3 of its levels.

You collected 58 gold pieces.

Inventory:

Hand Weapons
 a - a +0 war axe (weapon)
 g - a +2 mace of venom
   (You found it on level 1 of the Dungeon)
Armour
 b - a +0 scale mail (worn)
 c - a +0 buckler (worn)
Scrolls
 h - 2 scrolls of teleportation {unknown}
 i - a scroll of silence {unknown}
 j - a scroll of enchant armour {unknown}
Potions
 d - a potion of might
 e - a potion of curing {unknown}
 f - a potion of haste {unknown}


   Skills:
 - Level 3.2 Fighting
 + Level 3.8 Axes
 - Level 3.2 Armour
 - Level 3.2 Shields


You had 3 spell levels left.
You didn't know any spells.
Your spell library was empty.

Dungeon Overview and Level Annotations

Branches:
Dungeon (3/15)

Altars:


Innate Abilities, Weirdness & Mutations

You are immune to sickness and miasma.
Your stone body is resilient. (AC +3)
You are immune to poison.
You resist negative energy. (rN+)
You are resistant to electric shocks. (rElec)
You are resistant to unholy torment.
You are immune to petrification.


Message History

The adder is lightly wounded.
The adder bites you but does no damage. x2
You hit the adder.
The adder is heavily wounded.
The adder bites you but does no damage. x2
You miss the adder.
The adder is heavily wounded.
The adder bites you but does no damage.
You barely miss the adder.
The adder is heavily wounded.
The adder bites you but does no damage. x2
You hit the adder.
The adder is severely wounded.
The adder misses you. The adder barely misses you.
You slash the adder!
You kill the adder!
No target in view!
No target in view!
No target in view!
As you open the door, it creaks loudly!
Found 18 sling bullets.
There is an open door here.
There is an open door here.
You open the door.
There is an open door here.
A hobgoblin comes into view.
Found a stone staircase leading down.
The hobgoblin shouts!
The hobgoblin completely misses you.
You slash the hobgoblin!
You kill the hobgoblin!
An endoplasm comes into view.
A dart slug comes into view.
The endoplasm quivers.
The endoplasm freezes you.
You are frozen.
You slash the endoplasm!
You kill the endoplasm!
The dart slug launches a dart at you.
The slug dart hits you but does no damage.
You have reached level 4!
You feel stronger. The dart slug launches a dart at you.
The slug dart misses you.
You slash the dart slug!
You kill the dart slug!
Unknown command.
Found a dagger.
You see here a dart slug corpse.
No target in view!
No target in view!
No target in view!
There is a stone staircase leading down here.
You climb downwards.
The frilled lizard hisses angrily.
There is a stone staircase leading up here.
The frilled lizard bites you but does no damage.
You miss the frilled lizard.
The frilled lizard bites you but does no damage.
A frilled lizard is nearby!
You closely miss the frilled lizard.
The frilled lizard bites you but does no damage.
A frilled lizard is nearby!
You barely miss the frilled lizard.
The frilled lizard barely misses you. x2
A frilled lizard is nearby!
You barely miss the frilled lizard. The frilled lizard barely misses you.
A frilled lizard is nearby!
You closely miss the frilled lizard. The frilled lizard barely misses you.
You barely miss the frilled lizard.
The frilled lizard bites you but does no damage.
Unknown command.
You closely miss the frilled lizard.
The frilled lizard barely misses you. x2
A frilled lizard is nearby!
You hit the frilled lizard.
You kill the frilled lizard!
HP restored.
You see here a frilled lizard corpse.
Key pressed, stopping explore.
No target in view!
Key pressed, stopping explore.
No target in view!
An orc priest comes into view. It is wielding a +0 short sword.
The orc priest shouts!
You hear a shout!
An orc comes into view.
It is wielding a +1 short sword of draining.
Found 25 stones.
The orc shouts!
The orc priest mumbles some strange prayers to Beogh against you.
Beogh smites you!
Ouch! That really hurt!
* * * LOW HITPOINT WARNING * * *
You hear an angry hiss.
There are monsters nearby!
There are monsters nearby!
You barely miss the orc priest.
You hit the orc priest but do no damage.
You barely miss the orc.
The orc hits you with a +1 short sword of draining.
* * * LOW HITPOINT WARNING * * *
The orc priest invokes the aid of Beogh against you.
Beogh smites you!
You die...

######## #......#
####### ###......#
#.....#
#........#####.....#
+..................+
#.....#####.†..<...#
#.!..@..# #.##.....#
#...oo..# #.########
####....# #.#
.....(....
####....... .......
........ .......


You could see an orc priest and an orc.

Vanquished Creatures
  2 adders (D:2)
  A dart slug (D:2)
  10 ball pythons
  5 bats (D:1)
  3 endoplasms
  A giant cockroach (D:2)
  2 goblins (D:1)
  2 hobgoblins
  2 kobolds (D:1)
  2 quokkas (D:1)
  A frilled lizard (D:3)
  3 rats (D:1)
34 creatures vanquished.

Notes
Turn   | Place    | Note
-------+----------+-------------------------------------------
     0 | D:1      | Dani the Gargoyle Fighter began the quest for the Orb.
     0 | D:1      | Reached XP level 1. HP: 14/14 MP: 1/1
    10 | D:1      | Reached skill level 2 in Axes
   217 | D:1      | Reached XP level 2. HP: 19/19 MP: 2/2
   435 | D:1      | Reached skill level 3 in Axes
   571 | D:1      | Reached XP level 3. HP: 19/23 MP: 3/3
   969 | D:2      | Reached XP level 4. HP: 23/28 MP: 4/4
  1032 | D:3      | Killed from afar by an orc priest

Illustrated notes

Levels and vault maps discovered:
D:1:      dpeg_arrival_arbitrary_b, layout_loops_ring
D:2:      minmay_skewed_foursquare, layout_basic,
          shapermc_ecumenical_altar_petra, kennysheep_generic_room_15
D:3:      gammafunk_wand_slinger, layout_basic, gammafunk_ghost_grave,
          serial_shops, nicolae_lakefront_shop, uniq_terence, uniq_natasha

Skill      XL: |  1  2 |
---------------+-------+-----
Axes           | 2 3 |  3.8
Fighting       | |  3.2
Armour         | |  3.2
Shields        | |  3.2

Action                   |  1- 3 |  4- 6 || total
-------------------------+-------+-------++-------
Melee: War axe           |   100 |    11 ||   111
Armor: Scale mail        |    86 |     4 ||    90
Dodge: Dodged            |    72 |     7 ||    79
Block: Buckler           |    24 |       ||    24

Table legend: (Time is in decaauts)
 A = Elapsed time spent in this place.
 B = Non-inter-level travel time spent in this place.
 C = Inter-level travel time spent in this place.
 D = Time resting spent in this place.
 E = Time spent auto-exploring this place.
 F = Levels seen in this place.
 G = Mean time per level.
                   A        B        C        D        E       F      G
               +--------+--------+--------+--------+--------+-----+--------+
         Total |   1074 |   1073 |      1 |      0 |    725 |   3 |  358.0 |
       Dungeon |   1074 |   1073 |      1 |      0 |    725 |   3 |  358.0 |
               +--------+--------+--------+--------+--------+-----+--------+

Top non-repeatable levels by time:
     D:1: 807 daAuts
     D:2: 208 daAuts
     D:3: 57 daAuts

Table legend:
 A = Kills in this place as a percentage of kills in entire the game.
 B = Kills by you in this place as a percentage of kills by you in the entire game.
 C = Kills by friends in this place as a percentage of kills by friends in the entire game.
 D = Other kills in this place as a percentage of other kills in the entire game.
 E = Experience gained in this place as a percentage of experience gained in the entire game.
 F = Experience gained in this place divided by the number of levels of this place that you have seen.
                   A       B       C       D       E      F
               +-------+-------+-------+-------+-------+----------------------
         Total | 100.0 | 100.0 |   N/A |   N/A | 100.0 |  29.0
       Dungeon | 100.0 | 100.0 |   N/A |   N/A | 100.0 |  29.0
               +-------+-------+-------+-------+-------+----------------------
